 Dungeon Crawl Stone Soup version 0.25.0-26-g0c896c7088 (webtiles) character file.

Game seed: 17238671571202389218

3088 MisterFreud the Fighter (level 9, -1/90 HPs)
             Began as a Centaur Hunter on July 1, 2020.
             Slain by Harold
             ... wielding a +1 glaive of protection
              (24 damage)
             ... on level 7 of the Dungeon.
             The game lasted 00:14:06 (8735 turns).

MisterFreud the Fighter (Centaur Hunter)            Turns: 8735, Time: 00:14:06

Health: -1/90      AC: 11    Str: 18    XL:     9   Next: 59%
Magic:  9/9        EV: 10    Int: 10    God:
Gold:   177        SH:  0    Dex: 10    Spells: 8/8 levels left

rFire    . . .     SeeInvis .   a - +1 shortbow
rCold    . . .     Gourm    .   (shield currently unavailable)
rNeg     . . .     Faith    .   D - +0 steam dragon scales
rPois    .         Spirit   .   l - +0 helmet
rElec    .         Reflect  .   (no cloak)
rCorr    .         Harm     .   u - +0 pair of gloves
MR       .....                  (no barding)
Stlth    +.........             z - amulet of regeneration
HPRegen  0.65/turn              i - +4 ring of protection
MPRegen  0.11/turn              (no ring)

@: marked, very quick
A: large, hooves 3, deformed body, speed 2, tough skin 3
a: no special abilities


You were on level 7 of the Dungeon.
You were not hungry.

You visited 2 branches of the dungeon, and saw 8 of its levels.

You collected 367 gold pieces.
You spent 190 gold pieces at shops.

Inventory:

Hand Weapons
 a - a +1 shortbow (weapon)
 b - a +0 short sword
Missiles
 d - 42 arrows (quivered)
Armour
 c - a +0 leather armour
 l - a +0 helmet (worn)
 u - a +0 pair of gloves (worn)
 D - +0 steam dragon scales (worn)
Jewellery
 i - a +4 ring of protection (left hand)
 z - an amulet of regeneration (around neck)
Wands
 v - a wand of disintegration (19)
Scrolls
 j - a scroll of amnesia {unknown}
 m - 2 scrolls of remove curse
 n - a scroll of blinking {unknown}
 o - 2 scrolls of magic mapping {unknown}
 r - 2 scrolls of teleportation {unknown}
 t - 4 scrolls of enchant armour {unknown}
 y - a scroll of enchant weapon {unknown}
 A - a scroll of fog {unknown}
 B - a scroll of identify
 E - a scroll of fear {unknown}
Potions
 e - a potion of might {unknown}
 g - 2 potions of heal wounds
 h - 2 potions of berserk rage
 k - 4 potions of curing
 p - 3 potions of magic
 q - 2 potions of stabbing
 s - a potion of mutation
 w - a potion of degeneration {unknown}
 C - a potion of haste {unknown}
Comestibles
 f - 17 rations
 x - a chunk of flesh


   Skills:
 + Level 11.6 Fighting
 - Level 0.7 Short Blades
 - Level 10.0 Bows
 - Level 0.2 Armour
 - Level 1.5 Dodging
 - Level 0.4 Stealth


You had 8 spell levels left.
You didn't know any spells.
Your spell library contained the following spells:

 Spells                   Type           Power        Failure   Level  Hunger
 Sandblast                Erth           #.....       36%         1    ##.....
 Passwall                 Tmut/Erth      #.......     50%         2    ###....
 Stone Arrow              Conj/Erth      #.....       75%         3    ####...
 Petrify                  Tmut/Erth      #.......     98%         4    #####..
 Lee's Rapid Deconstruct  Erth           #.........   100%        5    ######.


Dungeon Overview and Level Annotations

Branches:
Dungeon (7/15)             Temple (1/1) D:6

Altars:
Ashenzari
Cheibriados
Dithmenos
Elyvilon
Fedhas
Gozag
Hepliaklqana
Kikubaaqudgha
Makhleb
Nemelex Xobeh
Qazlal
Ru
Trog
Uskayaw
Xom
Yredelemnul
Zin

Shops:
D:6 [   D:7 %%

Annotations:
D:7 Harold


Innate Abilities, Weirdness & Mutations

You have hooves in place of feet.
Armour fits poorly on your strangely shaped body.
You cover ground very quickly.
You have extremely tough skin. (AC +3)


Message History

Harold is moderately wounded.
Harold hits you from afar with a +1 glaive of protection!
Firing (i - inventory)
d - 44 arrows (quivered)
Press: ? - help, Shift-Dir - straight line, f/p - Harold
Aim: Harold, wielding a +1 glaive of protection and wearing a +1 scale mail of positive energy (moderately wounded)
You shoot an arrow.
The arrow hits Harold but does no damage.
Harold is moderately wounded.
Harold thinks, and says "Perhaps I'll take up writing after I'm done here..."
Harold fires a harpoon shot at you. The harpoon shot hits you!
* * * LOW HITPOINT WARNING * * *
You are yanked forward by the harpoon shot.
Unknown command.
Firing (i - inventory)
d - 43 arrows (quivered)
Press: ? - help, Shift-Dir - straight line, f/p - Harold
Aim: Harold, wielding a +1 glaive of protection and wearing a +1 scale mail of positive energy (moderately wounded)
You shoot an arrow. The arrow barely misses Harold.
Harold hits you with a +1 glaive of protection!!
You die...

.# ##..)....## ##.##.#
.####.........####...#.#
....+.>.......'........#
.##..........>####...#.#
....##.......######.##.##
.#..###.....## #........#
#..## ##...## #.#####..#
#..# ##'## #.# ###..#
...# #.# #@# #....#
...######.# #@# #.##.#
....#...#.## #(# #.##.#
...........#####(###.##.#
............##..........#
.........(.###.......####
..........####.((#####
...#..(....(....##
...##...#.#######


You could see Harold.

Vanquished Creatures
  Pikel (D:4)
  Maggie (D:7)
  Grinder (D:4)
  A wyvern (D:7)
  Edmund (D:4)
  2 orc warriors (D:6)
  3 slaves (D:4)
  2 ogres
  A centaur (D:5)
  A bullfrog (D:7)
  8 wights
  5 killer bees
  A crimson imp (D:6)
  An orc priest (D:6)
  A bullfrog zombie (D:5)
  Crazy Yiuf (D:7)
  6 hounds
  A bullfrog skeleton (D:4)
  2 iguanas (D:6)
  6 worker ants
  3 orc wizards
  Ijyb (D:4)
  A hound zombie (D:5)
  Robin (D:2)
  6 adders
  An ooze (D:5)
  An adder skeleton (D:6)
  An adder zombie (D:5)
  2 worms
  2 dart slugs (D:1)
  A leopard gecko (D:6)
  22 orcs
  A ball python (D:1)
  6 giant cockroaches
  13 goblins
  12 hobgoblins
  6 jackals
  9 kobolds
  A quokka (D:7)
  5 bats
  4 frilled lizards
  7 rats
152 creatures vanquished.

Notes
Turn   | Place    | Note
-------+----------+-------------------------------------------
     0 | D:1      | MisterFreud the Centaur Hunter began the quest for the Orb.
     0 | D:1      | Reached XP level 1. HP: 17/17 MP: 1/1
   198 | D:1      | Reached XP level 2. HP: 21/24 MP: 2/2
  1011 | D:2      | Reached XP level 3. HP: 29/29 MP: 3/3
  1295 | D:2      | Noticed Robin
  1352 | D:2      | Killed Robin
  1352 | D:2      | Reached skill level 3 in Fighting
  1539 | D:2      | Reached XP level 4. HP: 29/38 MP: 4/4
  2356 | D:3      | Reached skill level 4 in Fighting
  2748 | D:3      | Reached XP level 5. HP: 41/46 MP: 5/5
  2792 | D:3      | Found a hide-covered altar of Uskayaw.
  3293 | D:4      | Reached skill level 5 in Fighting
  3437 | D:4      | Noticed Ijyb
  3453 | D:4      | Killed Ijyb
  3771 | D:4      | Reached XP level 6. HP: 52/56 MP: 6/6
  4035 | D:4      | Noticed Edmund
  4036 | D:4      | Noticed a slave
  4063 | D:4      | Killed a slave
  4118 | D:4      | Noticed a slave
  4157 | D:4      | Killed Edmund
  4222 | D:4      | Killed a slave
  4496 | D:4      | Noticed a slave
  4513 | D:4      | Killed a slave
  4514 | D:4      | Noticed Pikel
  4520 | D:4      | Noticed a slave
  4604 | D:4      | Killed Pikel
  4604 | D:4      | Reached skill level 10 in Bows
  4604 | D:4      | Reached skill level 6 in Fighting
  4604 | D:4      | Reached XP level 7. HP: 51/63 MP: 7/7
  5067 | D:4      | Noticed Grinder
  5088 | D:4      | Reached XP level 8. HP: 58/71 MP: 8/8
  5089 | D:4      | Killed Grinder
  5089 | D:4      | Reached skill level 7 in Fighting
  5424 | D:5      | Entered Level 5 of the Dungeon
  5537 | D:5      | Reached skill level 8 in Fighting
  6028 | D:5      | Reached skill level 9 in Fighting
  6038 | D:5      | Found a shadowy altar of Dithmenos.
  6039 | D:5      | Found a hazy altar of Hepliaklqana.
  6758 | D:6      | Found Venaeloff's Antique Armour Boutique.
  6866 | D:6      | Found a staircase to the Ecumenical Temple.
  6872 | Temple   | Entered the Ecumenical Temple
  7216 | D:6      | Reached skill level 10 in Fighting
  7216 | D:6      | Reached XP level 9. HP: 85/85 MP: 9/9
  7250 | D:6      | Bought a pair of jewelled gloves for 190 gold pieces
  7260 | D:6      | Identified the cursed -5 pair of gloves of Life {Harm rF+
                  | rN+} (You bought it in a shop on level 6 of the Dungeon)
  7718 | D:7      | Noticed Harold
  8196 | D:7      | Found Boywn's Food Shop.
  8224 | D:7      | Found a runed translucent door.
  8225 | D:7      | Noticed Crazy Yiuf
  8251 | D:7      | Killed Crazy Yiuf
  8251 | D:7      | Reached skill level 11 in Fighting
  8271 | D:7      | Noticed Maggie
  8285 | D:7      | Killed Maggie
  8359 | D:7      | Found Ehefaaha's Food Boutique.
  8735 | D:7      | Slain by Harold

Illustrated notes

Levels and vault maps discovered:
D:1:      co_arrival_random_square_maze, layout_loops_ring, kennysheep_boxes
D:2:      layout_basic, minmay_tromino_i2, uniq_robin
D:3:      layout_loops_ring, eat_drink_and_be_merry_uskayaw, first_ration
D:4:      layout_loops_corners, amethyst_killhole, uniq_edmund, uniq_ijyb,
          uniq_grinder, uniq_pikel
D:5:      layout_loops_ring, riverfiend_overflow_shadow_ancestor
D:6:      layout_gridville, minmay_temple_entry_butterflies,
          nicolae_ossuary_entry_monument, serial_shops, shop_statue
D:7:      layout_loops_corners, gammafunk_temple_overflow_wave, serial_shops,
          shop_statue, shop, grunt_ogre_cave, minmay_shop_damaged,
          minmay_misc_feat_secret_circle, uniq_crazy_yiuf_cottage, uniq_harold,
          uniq_maggie
Temple:   zaba_magenta_temple

Skill      XL: |  1  2  3  4  5  6  7  8  9 |
---------------+----------------------------+-----
Bows           | 6 7 10 | 10.0
Fighting       | 3 4 5 6 10 11 | 11.6
Short Blades   | |  0.7
Armour         | |  0.2
Dodging        | |  1.5
Stealth        | |  0.4

Action                   |  1- 3 |  4- 6 |  7- 9 || total
-------------------------+-------+-------+-------++-------
Melee: Short sword       |   133 |   149 |   165 ||   447
       Kick              |    26 |    36 |    48 ||   110
 Fire: Shortbow          |     5 |    94 |   249 ||   348
  Use: Potion            |       |     1 |       ||     1
       Scroll            |       |       |     7 ||     7
  Eat: Chunk             |     1 |     4 |     8 ||    13
       Ration            |       |     1 |     1 ||     2
Armor: Leather armour    |    55 |    80 |   129 ||   264
       Steam dragon scal |       |       |     5 ||     5
Dodge: Dodged            |    82 |    55 |   118 ||   255
